 Dungeon Crawl Stone Soup version 0.20.0-8-g6b59dc7 (webtiles) character file.

142 EvilAshe the Conjurer (level 5, -2/28 HPs)
             Began as a Kobold Conjurer on May 30, 2017.
             Slain by an orc
             ... wielding a cursed -2 mace
              (5 damage)
             ... on level 3 of the Dungeon.
             The game lasted 00:07:42 (2117 turns).

EvilAshe the Conjurer (Kobold Conjurer)             Turns: 2117, Time: 00:07:43

Health: -2/28      AC:  3    Str:  6    XL:     5   Next: 50%
Magic:  0/9        EV: 16    Int: 17    God:
Gold:   108        SH:  0    Dex: 15    Spells: 7/10 levels left

rFire    . . .     SeeInvis .   (weapon restricted)
rCold    . . .     Gourm    .   (shield restricted)
rNeg     . . .     Faith    .   a - +0 robe
rPois    .         Spirit   .   (no helmet)
rElec    .         Reflect  .   (no cloak)
rCorr    .         Harm     .   g - +0 pair of gloves
MR       .....                  (no boots)
Stlth    ++........             (no amulet)
Regen    0.1/turn               (no ring)
MPRegen  0.2/turn               (no ring)

@: no status effects
A: carnivore 3
a: no special abilities


You were on level 3 of the Dungeon.
You were very full.

You visited 1 branch of the dungeon, and saw 3 of its levels.

You collected 108 gold pieces.

Inventory:

Armour
 a - a +0 robe (worn)
 g - a +0 pair of gloves (worn)
Jewellery
 k - an uncursed ring of fire {unknown}
Wands
 m - a wand of lightning (9/15)
Scrolls
 d - a scroll of blinking {unknown}
 f - 3 scrolls of identify
 j - a scroll of teleportation {unknown}
 l - a scroll of immolation {unknown}
Potions
 e - a potion of mutation
Books
 b - a book of Conjurations

   Spells                             Type                      Level
   a - Magic Dart                     Conjuration                  1
   b - Searing Ray                    Conjuration                  2
   c - Dazzling Spray                 Conjuration/Hexes            3
   d - Fulminant Prism                Conjuration/Hexes            4
   e - Force Lance                    Conjuration/Translocation    4
   f - Iskenderun's Mystic Blast      Conjuration                  4
Comestibles
 c - 2 meat rations


   Skills:
 + Level 3.9 Dodging
 - Level 2.6 Stealth
 + Level 3.0 Spellcasting
 * Level 5.3 Conjurations


You had 7 spell levels left.
You knew the following spells:

 Your Spells              Type           Power        Failure   Level  Hunger
a - Magic Dart            Conj           ###.         1%          1    None
e - Searing Ray           Conj           ###...       3%          2    ##.....


Dungeon Overview and Level Annotations

Branches:
Dungeon (3/15)

Altars:

Annotations:
D:2 Natasha, Sigmund


Innate Abilities, Weirdness & Mutations

You are small and have problems with some larger weapons.
You are carnivorous and can eat meat at any time.


Message History

Casting: Magic Dart
Confirm with . or Enter, or press ? or * to list all spells.
You don't have enough magic to cast that spell.
Casting: Magic Dart
Confirm with . or Enter, or press ? or * to list all spells.
You don't have enough magic to cast that spell.
You closely miss the orc.
The orc is severely wounded.
The orc hits you but does no damage.
You completely miss the orc.
The orc is severely wounded.
You feel a little less clever now. The orc hits you but does no damage.
You closely miss the orc.
The orc is severely wounded.
The orc barely misses you.
You barely miss the orc.
The orc is severely wounded.
The orc hits you with a mace.
You die...

#...>..≈≈≈≈≈.≈......,
#....####≈#≈#≈≈.....,
####.#≈S≈≈≈≈≈≈≈...##≈
#.#≈########...#≈≈
#.#≈≈≈ww≈#∩*...#**
#.####≈#≈#≈**....,
#.#≈≈≈≈#≈*≈*,....,
#.#≈**≈*≈*≈*,,.##*
#@#≈*≈≈*≈*≈*,,,,,*
###########o#≈*≈**≈*≈*,,,,..
#.........oo#≈*≈**≈≈≈*****.(
*,*###......#≈*≈≈*≈*******..
*,* #......#########*,,,,..
*,* #).............######..
*,* #...............##.....
*,* ########........#....##
*,******** #........#......


You could see 3 orcs.

Vanquished Creatures
  A worker ant (D:3)
  6 adders
  A river rat (D:3)
  An ooze (D:3)
  A worm (D:3)
  2 leopard geckos (D:1)
  3 orcs (D:3)
  6 bats
  2 giant cockroaches
  4 goblins
  7 hobgoblins
  3 kobolds (D:1)
  2 quokkas (D:2)
  6 frilled lizards (D:1)
  2 rats
47 creatures vanquished.

Notes
Turn   | Place    | Note
-------+----------+-------------------------------------------
     0 | D:1      | EvilAshe the Kobold Conjurer began the quest for the Orb.
     0 | D:1      | Reached XP level 1. HP: 10/10 MP: 3/3
   192 | D:1      | Reached XP level 2. HP: 15/15 MP: 0/5
   507 | D:1      | Reached XP level 3. HP: 19/19 MP: 1/6
  1167 | D:2      | Noticed Sigmund
  1234 | D:2      | Noticed Natasha
  1251 | D:2      | Learned a level 2 spell: Searing Ray
  1507 | D:2      | Reached XP level 4. HP: 24/24 MP: 1/8
  1837 | D:3      | Reached skill level 5 in Conjurations
  1883 | D:3      | Reached XP level 5. HP: 28/28 MP: 2/9
  2070 | D:3      | HP: 1/28 [poisoned by an adder]
  2117 | D:3      | Slain by an orc

Skill      XL: |  1  2  3  4  5 |
---------------+----------------+-----
Dodging        | 3 |  3.9
Conjurations   | 5 |  5.3
Spellcasting   | 3 |  3.0
Stealth        | |  2.6

Action                   |  1- 3 |  4- 6 || total
-------------------------+-------+-------++-------
Melee: Unarmed           |     2 |     4 ||     6
 Cast: Magic Dart        |    69 |    43 ||   112
       Searing Ray       |       |     3 ||     3
  Use: Scroll            |       |     2 ||     2
       Potion            |       |     2 ||     2
  Eat: Chunk             |    11 |     1 ||    12
Armor: Robe              |     1 |     4 ||     5
Dodge: Dodged            |    14 |    25 ||    39
